 Dungeon Crawl Stone Soup version 0.16-a0-691-g21e4870 (webtiles) character file.

1167 RobertPalmer the Covert (level 8, -5/50 HPs)
             Began as an Octopode Assassin on Sept 19, 2014.
             Slain by Prince Ribbit (9 damage)
             ... on Level 5 of the Dungeon.
             The game lasted 00:19:52 (7019 turns).

RobertPalmer the Covert (Octopode Assassin)         Turns: 7019, Time: 00:19:52

HP  -5/50        AC  7     Str 15      XL: 8   Next: 40%
MP   8/8         EV 13     Int 13      God:
Gold 215         SH  0     Dex 16      Spells:  0 memorised,  7 levels left

rFire  . . .     SeeInvis +     a - +2 dagger (venom)
rCold  . . .     Clarity  .     (no shield)
rNeg   . . .     rCorr    .     (helmet restricted)
rPois  .         rRot     .     n - amulet of rage
rElec  .         Spirit   .     w - cursed +3 ring of protection
SustAb +         Warding  .     A - +3 ring of protection
rMut   .         Stasis   .     B - ring of see invisible
Gourm  .                        L - ring of sustain abilities
MR     .....                    (no ring)
                                (no ring)
                                (no ring)
                                (no ring)

@: mighty, not resistant to hostile enchantments, quite stealthy
A: almost no armour, amphibious, 8 rings, constrict 8, camouflage 1, gelatinous
body 1
a: Evoke Berserk Rage


You were on level 5 of the Dungeon.
You were not hungry.

You visited 1 branch of the dungeon, and saw 5 of its levels.
You also visited: Ossuary.

You collected 215 gold pieces.


Innate Abilities, Weirdness & Mutations

You cannot wear most types of armour.
You are amphibious.
You can wear up to eight rings at the same time.
You can use your tentacles to constrict many enemies at once.
Your skin changes colour to match your surroundings (Stealth).
Your rubbery body absorbs attacks (AC +1).


   Skills:
 - Level 2.0 Fighting
 - Level 8.0 Short Blades
 - Level 2.0 Throwing
 + Level 3.1 Dodging
 - Level 8.9 Stealth


You had 7 spell levels left.
You didn't know any spells.

Inventory:

Hand weapons
 a - a +2 dagger of venom (weapon)
 b - a +0 blowgun
Missiles
 e - 56 poisoned needles
 f - 2 curare-tipped needles
 x - 8 javelins of returning
 y - 2 javelins (quivered)
 F - 5 javelins of penetration
Comestibles
 c - 10 fruits
 d - 3 beef jerkies
 g - 5 bread rations
 m - 3 meat rations
 C - a royal jelly
 I - a rotting chunk of worm flesh {@*1}
Scrolls
 h - a scroll of random uselessness {unknown}
 i - 2 scrolls of remove curse
 k - a scroll of immolation {unknown}
 p - 4 scrolls of recharging {unknown}
 r - 3 scrolls of identify
 s - a scroll of fear {unknown}
 D - a scroll of enchant weapon {unknown}
 E - a scroll of noise {unknown}
 G - a scroll of teleportation {unknown}
 H - a scroll of fog {unknown}
 M - 2 scrolls of magic mapping
Jewellery
 n - an amulet of rage (around mantle)
 w - a cursed +3 ring of protection (left tentacle)
 A - a +3 ring of protection (right tentacle)
 B - a ring of see invisible (on tentacle)
 L - a ring of sustain abilities (on tentacle)
Potions
 j - a potion of magic {unknown}
 l - 3 potions of curing
 o - a potion of confusion {unknown}
 q - a potion of cancellation {unknown}
 t - a potion of brilliance {unknown}
 u - 4 potions of might
 v - a potion of degeneration {unknown}
 z - 2 potions of heal wounds {unknown}
 K - a potion of haste {unknown}
Books
 J - a book of the Sky

Dungeon Overview and Level Annotations

Branches:
Dungeon (5/15)             Temple (0/1) D:4

Altars:
Ashenzari
Fedhas
Jiyva

Shops:
D:4 [

Annotations:
D:4 RobertPalmer's ghost, experienced OpAs
D:5 Prince Ribbit

### ..# #[#
#.# .# #.#
... #.#
#.#######.#
#.. ..##.#
### #.##.##@#
..# ##.#.##F#
#.###.....g.#
#.#.###..$##
#.## ###.#
#.# #.# #.#
#.# ####.#
#.# #....#
#?#


You could see Prince Ribbit and a goblin.


Message History

Prince Ribbit is nearby!
Prince Ribbit completely misses you.
Found 9 gold pieces.
You hit Prince Ribbit.
Prince Ribbit is poisoned.
You squeeze Prince Ribbit.
Prince Ribbit is lightly wounded.
Prince Ribbit hits you.
Prince Ribbit is lightly wounded.
Prince Ribbit hits you!!
You hear a shout!
Your squeeze passes through Prince Ribbit as he momentarily phases out.
Prince Ribbit is lightly wounded.
You hear a shout!
Prince Ribbit blinks!
A goblin comes into view. It is wielding a club.
The goblin misses you.
Prince Ribbit catches a baby bat with his tongue.
Prince Ribbit barely misses you.
An orc comes into view. It is wielding a club.
Found a scroll of identify.
Prince Ribbit blinks!
Prince Ribbit hits you but does no damage.
Found an amethyst-encrusted plate armour.
Prince Ribbit hits you!
* * * LOW HITPOINT WARNING * * *
Drink which item? (? for menu, Esc to quit)
You feel very mighty all of a sudden.
It was a potion of might.
Prince Ribbit hits you!
* * * LOW HITPOINT WARNING * * *
Prince Ribbit hits you!
You die...

Action                   |  1- 3 |  4- 6 |  7- 9 || total
-------------------------+-------+-------+-------++-------
Melee: Dagger            |    69 |   147 |   211 ||   427
 Fire: Blowgun           |     3 |    23 |     3 ||    29
Throw: Javelin           |       |     8 |    18 ||    26
  Use: Scroll            |     2 |     3 |     3 ||     8
       Potion            |       |     1 |     3 ||     4
 Stab: Sleeping          |    16 |    19 |    25 ||    60
       Distracted        |       |       |     1 ||     1
  Eat: Chunk             |     1 |     9 |     6 ||    16
       Fruit             |       |     1 |     3 ||     4

Vault maps used:
D:1:      onia_arrival_mini_maze, due_unseen_surprise
D:2:      fedhas_altar_fruit_tree, first_bread, grunt_ministairs_6, uniq_terence
D:3:      lemuel_round_altar
D:4:      temple_statues, nicolae_ossuary_entry_catacombs, serial_shops, shop,
          minmay_goblin_outpost
D:5:      jiyva_altar_1, uniq_iyjb, uniq_prince_ribbit1
Ossuary:  minmay_ossuary_two_tombs

Notes
Turn   | Place    | Note
--------------------------------------------------------------
     0 | D:1      | RobertPalmer, the Octopode Assassin, began the quest for the Orb.
     0 | D:1      | Reached XP level 1. HP: 14/14 MP: 1/1
   249 | D:1      | Reached XP level 2. HP: 17/19 MP: 2/2
   282 | D:1      | Reached skill level 6 in Stealth
   820 | D:1      | Reached XP level 3. HP: 24/24 MP: 3/3
  1268 | D:2      | Reached skill level 7 in Stealth
  1300 | D:2      | Noticed Terence
  1407 | D:2      | Found a blossoming altar of Fedhas.
  1420 | D:2      | Reached XP level 4. HP: 16/29 MP: 4/4
  2015 | D:2      | Reached skill level 8 in Stealth
  2124 | D:2      | Killed Terence
  2739 | D:3      | Reached XP level 5. HP: 34/34 MP: 5/5
  3214 | D:3      | Reached skill level 3 in Short Blades
  3445 | D:3      | Found a shattered altar of Ashenzari.
  3461 | D:3      | Reached XP level 6. HP: 30/39 MP: 6/6
  3606 | D:3      | Reached skill level 4 in Short Blades
  4110 | D:4      | Found a staircase to the Ecumenical Temple.
  4112 | D:4      | Found Tesomn's Armour Boutique.
  4192 | D:4      | Reached skill level 5 in Short Blades
  4199 | D:4      | Found a sand-covered staircase.
  4204 | Ossuary  | Entered an ossuary
  4414 | Ossuary  | Reached XP level 7. HP: 25/45 MP: 7/7
  4849 | Ossuary  | Reached skill level 6 in Short Blades
  5209 | Ossuary  | Reached skill level 7 in Short Blades
  5565 | D:4      | Reached XP level 8. HP: 35/50 MP: 8/8
  5832 | D:4      | Noticed RobertPalmer's ghost (experienced OpAs)
  5939 | D:4      | Reached skill level 8 in Short Blades
  6551 | D:5      | Entered Level 5 of the Dungeon
  6553 | D:5      | Found a viscous altar of Jiyva.
  6561 | D:5      | Reached skill level 2 in Dodging
  6920 | D:5      | Reached skill level 3 in Dodging
  7008 | D:5      | Noticed Prince Ribbit
  7019 | D:5      | HP: 4/50 [Prince Ribbit (12)]
  7019 | D:5      | Slain by Prince Ribbit

Vanquished Creatures
  4 elf zombies (Ossuary)
  2 elf skeletons (D:4)
  A scorpion (D:4)
  4 orc priests
  2 centaur zombies (Ossuary)
  2 jellies (D:5)
  A giant frog skeleton (D:4)
  An iguana (D:4)
  2 human skeletons (D:4)
  A worker ant (D:4)
  A big kobold zombie (Ossuary)
  Terence (D:2)
  3 mummies (Ossuary)
  3 gnolls (D:3)
  7 adders
  A shadow imp (D:5)
  4 worms
  2 adder zombies (Ossuary)
  A giant gecko (D:1)
  4 oozes
  11 orcs
  2 bat skeletons (D:4)
  7 giant cockroaches
  15 goblins
  21 hobgoblins
  6 jackals
  14 kobolds
  A quokka (D:3)
  2 ball pythons (D:3)
  16 bats
  6 giant newts
  A gnoll zombie (Ossuary)
  4 goblin zombies (Ossuary)
  A hobgoblin skeleton (D:4)
  4 hobgoblin zombies (Ossuary)
  2 jackal zombies (Ossuary)
  4 kobold zombies (Ossuary)
  An orc skeleton (D:4)
  An orc zombie (D:4)
  7 quokka zombies (Ossuary)
  14 rats
  3 rat zombies (Ossuary)
190 creatures vanquished.
